 Dungeon Crawl Stone Soup version 0.22.1-2-g9c5b331 (webtiles) character file.

92880 dvd the Thaumaturge (level 16, -4/125 HPs)
             Began as a Gnoll Skald on Nov 18, 2018.
             Was the Champion of Ashenzari.
             Slain by a fire elemental (5 damage)
             ... led by Azrael
             ... on level 2 of the Snake Pit.
             The game lasted 01:17:50 (19943 turns).

dvd the Thaumaturge (Gnoll Skald)                  Turns: 19943, Time: 01:17:51

Health: -4/125     AC: 24    Str: 22    XL:     16   Next: 7%
Magic:  0/31       EV: 24    Int: 23    God:    Ashenzari [******]
Gold:   936        SH: 14    Dex: 24    Spells: 22/37 levels left

rFire    . . .     SeeInvis +   B - +8 mace of Callousness {vamp, rElec rC+ Int+2 Dex+5} (curse)
rCold    + . .     Gourm    .   p - +0 shield (curse)
rNeg     . . .     Faith    .   Q - +3 ring mail {rPois} (curse)
rPois    +         Spirit   +   u - +2 helmet (curse)
rElec    +         Reflect  .   l - +0 cloak (curse)
rCorr    .         Harm     .   c - +2 pair of gloves {Dex+3} (curse)
MR       ++...     Clarity  +   (no boots)
Stlth    ++++......             G - amulet of guardian spirit
HPRegen  0.30/turn              n - +5 ring of protection (curse)
MPRegen  0.22/turn              O - ring "Leroegoyd" {MR+ Str+2 Int+2} (curse)

@: about to teleport, berserk cooldown
A: distributed training, fangs 1, see invisible, clever 1, strong 1, strong nose
a: Curse Item, Scrying, Renounce Religion


You were on level 2 of the Snake Pit.
You worshipped Ashenzari.
Ashenzari was exalted by your worship.
You were not hungry.

You visited 4 branches of the dungeon, and saw 21 of its levels.
You visited the Abyss 1 time.

You collected 1699 gold pieces.
You spent 763 gold pieces at shops.

Inventory:

Hand Weapons
 B - the cursed +8 mace of Callousness (weapon) {vamp, rElec rC+ Int+2 Dex+5}
   (You found it on level 5 of the Dungeon)

   It inflicts no extra harm, but heals its wielder when it wounds a living foe.
   It affects your intelligence (+2).
   It affects your dexterity (+5).
   It protects you from cold.
   It insulates you from electricity.
   It has a curse placed upon it.
 D - the +8 whip of Duty {drain, *Corrode rF++ rN+}
   (You found it on level 6 of the Dungeon)

   A truly terrible weapon, it drains the life of those it strikes.
   It greatly protects you from fire.
   It protects you from negative energy.
   It may corrode you when you take damage.
 M - a +1 rapier of electrocution
Missiles
 a - 14 tomahawks (quivered)
 b - 5 javelins
Armour
 c - a cursed +2 pair of gloves of dexterity (worn)
 j - a +2 hat
 l - a cursed +0 cloak (worn)
 p - a cursed +0 shield (worn)
 r - a +1 chain mail of positive energy
 u - a cursed +2 helmet (worn)
 I - the +5 scale mail of the Guardian {+Inv MR- Slay+3}
   (You found it on level 8 of the Dungeon)

   It affects your accuracy and damage with ranged weapons and melee attacks
   (+3).
   It affects your resistance to hostile enchantments.
   It lets you turn invisible.
 Q - a cursed +3 ring mail of poison resistance (worn)
Jewellery
 k - an uncursed amulet of the acrobat
 n - a cursed +5 ring of protection (left hand)
 y - an uncursed ring of magical power
 G - an amulet of guardian spirit (around neck)
 J - an uncursed ring of flight
 O - the cursed ring "Leroegoyd" (right hand) {MR+ Str+2 Int+2}
   (You bought it in a shop on level 2 of the Orcish Mines)

   [ring of protection from magic]

   It affects your strength (+2).
   It affects your intelligence (+2).
   It affects your resistance to hostile enchantments.
   It has a curse placed upon it.
 P - the ring of Orrezil {Wiz rElec Str+4 Dex-2}
   (You acquired it on level 11 of the Dungeon)

   [ring of wizardry]

   It improves your spell success rate.
   It affects your strength (+4).
   It affects your dexterity (-2).
   It insulates you from electricity.
Wands
 m - a wand of flame (46)
 o - a wand of paralysis (17)
 w - a wand of digging (15)
 H - a wand of enslavement (26)
 K - a wand of acid (27)
 L - a wand of scattershot (1)
 N - a wand of iceblast (2)
Scrolls
 e - a scroll of teleportation
 f - 20 scrolls of identify
 s - 4 scrolls of amnesia
 v - 2 scrolls of magic mapping
 C - 3 scrolls of enchant weapon
 S - a scroll of remove curse
Potions
 g - a potion of berserk rage
 h - 2 potions of mutation
 i - 5 potions of curing
 q - 3 potions of heal wounds
 t - 5 potions of flight
 x - a potion of resistance
 z - 3 potions of haste
 R - a potion of cancellation
Comestibles
 d - 47 rations
 A - a chunk of flesh


   Skills:
 + Level 11.3 Fighting
 + Level 10.4 Short Blades
 + Level 10.4 Long Blades
 + Level 11.3 Axes
 + Level 10.4(14.6) Maces & Flails
 + Level 10.4 Polearms
 + Level 10.4 Staves
 + Level 10.4 Slings
 + Level 10.4 Bows
 + Level 10.4 Crossbows
 + Level 10.4 Throwing
 + Level 10.7(13.4) Armour
 + Level 11.3(14.0) Dodging
 + Level 10.4 Stealth
 + Level 10.4(13.2) Shields
 + Level 10.4 Unarmed Combat
 + Level 11.4 Spellcasting
 + Level 8.8(11.7) Conjurations
 + Level 8.8(11.7) Hexes
 + Level 10.3(13.1) Charms
 + Level 8.8(11.7) Summonings
 + Level 8.8(11.7) Necromancy
 + Level 8.8(11.7) Translocations
 + Level 8.8(11.7) Transmutations
 + Level 8.8(11.7) Fire Magic
 + Level 8.8(11.7) Ice Magic
 + Level 8.8(11.7) Air Magic
 + Level 8.8(11.7) Earth Magic
 + Level 8.8(11.7) Poison Magic
 + Level 11.2 Invocations
 + Level 10.4(13.2) Evocations


You had 22 spell levels left.
You knew the following spells:

 Your Spells              Type           Power        Failure   Level  Hunger
a - Infusion              Chrm           ####         1%          1    None
b - Shroud of Golubria    Chrm/Tloc      ######....   1%          2    None
c - Song of Slaying       Chrm           ######..     1%          2    None
d - Regeneration          Chrm/Necr      ######....   1%          3    None
e - Spectral Weapon       Hex/Chrm       ######..     1%          3    None
f - Animate Dead          Necr           N/A          1%          4    None

Your spell library contained the following spells:

 Spells                   Type           Power        Failure   Level  Hunger
 Animate Skeleton         Necr           N/A          1%          1    None
 Pain                     Necr           ####         1%          1    None
 Vampiric Draining        Necr           ######....   1%          3    None


Dungeon Overview and Level Annotations

Branches:
Dungeon (11/15)            Temple (0/1) D:7            Lair (6/6) D:8
  Swamp (0/4) Lair:4        Snake (2/4) Lair:2        Slime (0/5) Lair:5
    Orc (2/2) D:10            Elf (0/3) Orc:2

Altars:
Ashenzari
Cheibriados
Elyvilon
Kikubaaqudgha
Makhleb
Ru
Trog
Zin
Beogh
Jiyva

Shops:
D:11 [   Orc:2 =*(%}

Annotations:
Lair:2 2 runed doors, RadicalHijinx's ghost, journeyman MiBe
Snake:2 Aizul; Azrael


Innate Abilities, Weirdness & Mutations

Your experience applies equally to all skills.
You have very sharp teeth.
Your uncanny sense of smell can sniff out nearby items.
You have supernaturally acute eyesight. (SInv)
Your mind is acute. (Int +2)
Your muscles are strong. (Str +2)


Message History

The shock serpent shoots out a bolt of lightning at you!
The bolt of electricity hits the fire elemental.
The fire elemental resists.
The bolt of electricity hits you! You resist. Azrael gestures at you.
The fireball explodes!
The fireball engulfs the hell hound.
The hell hound completely resists.
The fireball engulfs the fire elemental.
The fire elemental completely resists.
The fireball engulfs the hell hound.
The hell hound completely resists.
The fireball engulfs you!
* * * LOW HITPOINT WARNING * * *
The fireball engulfs Azrael.
Azrael completely resists.
The fireball engulfs the fire elemental.
The fire elemental completely resists.
The fireball engulfs the hell hound.
The hell hound completely resists.
The fireball engulfs the fire elemental.
The fire elemental completely resists.
The fireball engulfs the hell hound.
The hell hound completely resists.
The hell hound bites you!
* * * LOW HITPOINT WARNING * * *
The fire elemental hits you. The fire elemental burns you!
You die...

.................### #...
.................# ###....
................## ####......
................# ###.........
................######...........
!......)..........##.....§.......
.........<.......ES......§.......
................EE§..............
#...............@hR......§§§§§...
###.............hh............###
####...).......h..........###
####...............#####
#######...####### #####


You could see Azrael, a shock serpent, 3 fire elementals and 4 hell hounds.

Vanquished Creatures
  Gastronok (D:8)
  A tentacled starspawn (Abyss:1)
  A nagaraja (Snake:2)
  The ghost of Lilu the Destroyer, a journeyman DECj of Sif Muna (Lair:3)
  A fire dragon (Lair:6)
  4 naga warriors
  3 hydras
  2 ogre magi (Orc:2)
  Erica (D:11)
  3 anacondas
  10 two-headed ogres
  3 death yaks (Lair:4)
  3 naga sharpshooters (Snake:2)
  3 shock serpents (Snake:1)
  Nergalle (Lair:2)
  A fire crab (Lair:6)
  The ghost of KONINGBADAAP the Bludgeoner, a novice MiBe of Trog (D:8)
  2 salamander mystics (Snake:2)
  An unseen horror (D:11)
  2 deep trolls (Orc:2)
  A large abomination (Abyss:1)
  A naga ritualist (Snake:1)
  Pikel (D:5)
  An orc knight (D:10)
  2 mana vipers (Snake:1)
  7 salamanders
  2 cyclopes (Orc:2)
  7 elephants
  3 guardian serpents
  4 naga magi
  19 black mambas
  3 molten gargoyles (Lair:6)
  The ghost of Danetta the Magician, a novice GnWz of Sif Muna (D:5)
  12 komodo dragons
  12 spiny frogs
  2 rime drakes (Lair:6)
  10 trolls
  Grinder (D:6)
  7 hippogriffs
  2 polar bears
  17 blink frogs
  4 raiju (Abyss:1)
  3 spriggans (Lair:3)
  Sigmund (D:4)
  A wyvern (Lair:6)
  78 yaks
  A wraith (D:11)
  5 basilisks
  A hungry ghost (D:7)
  2 steam dragons (Lair:6)
  14 nagas
  4 water moccasins
  An acid dragon (D:11)
  4 hell hounds
  4 porcupines
  3 black bears
  A slave (D:5)
  12 orc warriors
  2 ice beasts
  A sky beast (D:9)
  8 wolves
  20 ogres
  2 necrophages
  4 boggarts (Lair:6)
  6 centaurs
  8 crocodiles
  9 big kobolds
  Blork the orc (D:4)
  A gnoll sergeant (D:7)
  13 bullfrogs
  7 scorpions
  4 killer bees (D:9)
  2 electric eels
  3 crimson imps
  A bullfrog zombie (D:6)
  A small abomination (Abyss:1)
  5 lava snakes (Lair:6)
  8 jellies
  2 quasits
  A bullfrog skeleton (D:8)
  6 hounds
  6 orc priests
  2 centaur skeletons
  14 orc wizards
  5 iguanas
  13 worker ants
  Ijyb (D:5)
  2 hound zombies (D:9)
  A hound skeleton (D:8)
  3 worker ant zombies
  12 adders
  7 gnolls
  6 shadow imps
  A white imp (Abyss:1)
  2 oozes
  An adder zombie (D:6)
  A worm (D:6)
  2 dart slugs
  5 leopard geckos
  46 orcs
  3 ball pythons
  6 bats
  7 giant cockroaches
  8 goblins
  7 hobgoblins
  16 jackals
  4 quokkas
  A ball python skeleton (D:6)
  7 frilled lizards
  A jackal skeleton (D:4)
  A jackal zombie (D:7)
  8 kobolds
  A quokka zombie (D:5)
  10 rats
  A starspawn tentacle (Abyss:1)
625 creatures vanquished.

Vanquished Creatures (collateral kills)
  A naga warrior (Snake:2)
  2 salamanders (Snake:2)
  A naga (Snake:2)
4 creatures vanquished.

Vanquished Creatures (others)
  Menkaure (D:5)
  A naga (Snake:2)
  A bush (Lair:6)
  6 fungi
  5 plants
  4 spectral weapons
  6 starspawn tentacles (Abyss:1)
24 creatures vanquished.

Grand Total: 653 creatures vanquished

Notes
Turn   | Place    | Note
-------+----------+-------------------------------------------
     0 | D:1      | dvd the Gnoll Skald began the quest for the Orb.
     0 | D:1      | Reached XP level 1. HP: 20/20 MP: 6/6
    78 | D:1      | Reached XP level 2. HP: 25/26 MP: 4/7
   297 | D:1      | Learned a level 2 spell: Shroud of Golubria
   300 | D:1      | Learned a level 2 spell: Song of Slaying
   484 | D:1      | Reached XP level 3. HP: 31/31 MP: 5/9
   534 | D:1      | Reached skill level 5 in Spellcasting
   792 | D:2      | Reached skill level 1 in Invocations
  1040 | D:2      | Found a shattered altar of Ashenzari.
  1049 | D:2      | Reached skill level 1 in Short Blades
  1049 | D:2      | Reached skill level 1 in Long Blades
  1049 | D:2      | Reached skill level 1 in Maces & Flails
  1049 | D:2      | Reached skill level 1 in Polearms
  1049 | D:2      | Reached skill level 1 in Staves
  1049 | D:2      | Reached skill level 1 in Slings
  1049 | D:2      | Reached skill level 1 in Bows
  1049 | D:2      | Reached skill level 1 in Crossbows
  1049 | D:2      | Reached skill level 1 in Throwing
  1049 | D:2      | Reached skill level 1 in Stealth
  1049 | D:2      | Reached skill level 1 in Shields
  1049 | D:2      | Reached skill level 1 in Unarmed Combat
  1049 | D:2      | Reached skill level 1 in Evocations
  1060 | D:2      | Became a worshipper of Ashenzari the Shackled
  1064 | D:2      | Reached XP level 4. HP: 26/38 MP: 0/11
  1933 | D:3      | Reached skill level 1 in Conjurations
  1933 | D:3      | Reached skill level 1 in Hexes
  1933 | D:3      | Reached skill level 1 in Summonings
  1933 | D:3      | Reached skill level 1 in Necromancy
  1933 | D:3      | Reached skill level 1 in Translocations
  1933 | D:3      | Reached skill level 1 in Transmutations
  1933 | D:3      | Reached skill level 1 in Fire Magic
  1933 | D:3      | Reached skill level 1 in Ice Magic
  1933 | D:3      | Reached skill level 1 in Air Magic
  1933 | D:3      | Reached skill level 1 in Earth Magic
  1933 | D:3      | Reached skill level 1 in Poison Magic
  1933 | D:3      | Reached XP level 5. HP: 43/43 MP: 3/12
  2248 | D:3      | Found a bloodstained altar of Trog.
  2416 | D:3      | Learned a level 3 spell: Regeneration
  2420 | D:3      | Learned a level 3 spell: Spectral Weapon
  2544 | D:3      | Reached XP level 6. HP: 35/50 MP: 3/13
  3040 | D:4      | Found a snail-covered altar of Cheibriados.
  3069 | D:4      | Reached skill level 5 in Fighting
  3069 | D:4      | Reached skill level 5 in Axes
  3069 | D:4      | Reached skill level 5 in Dodging
  3538 | D:4      | Reached * piety under Ashenzari
  3672 | D:4      | Noticed Blork the orc
  3681 | D:4      | Killed Blork the orc
  3681 | D:4      | Reached XP level 7. HP: 22/56 MP: 15/15
  3727 | D:4      | Noticed Sigmund
  3786 | D:4      | Killed Sigmund
  4079 | D:5      | Entered Level 5 of the Dungeon
  4124 | D:5      | Got the mace of Callousness {vamp, rElec rC+ Int+2 Dex+5}
  4133 | D:5      | Identified the +8 mace of Callousness {vamp, rElec rC+
                  | Int+2 Dex+5} (You found it on level 5 of the Dungeon)
  4299 | D:5      | Noticed Pikel
  4302 | D:5      | Noticed Ijyb
  4311 | D:5      | Killed Pikel
  4311 | D:5      | Reached XP level 8. HP: 50/64 MP: 17/17
  4318 | D:5      | Killed Ijyb
  4407 | D:5      | Killed Menkaure
  4475 | D:5      | Found a sacrificial altar of Ru.
  4659 | D:5      | Found a runed door.
  4665 | D:5      | Noticed Danetta's ghost (novice GnWz)
  4682 | D:5      | Killed Danetta's ghost
  4682 | D:5      | Reached XP level 9. HP: 62/69 MP: 18/18
  4988 | D:6      | Noticed Grinder
  5006 | D:6      | Killed Grinder
  5044 | D:6      | Found a burning altar of Makhleb.
  5045 | D:6      | Identified the +8 whip of Duty {drain, *Corrode rF++ rN+}
  5237 | D:6      | Reached skill level 5 in Armour
  6034 | D:7      | Reached ** piety under Ashenzari
  6147 | D:7      | Found a staircase to the Ecumenical Temple.
  6245 | D:7      | Reached skill level 5 in Invocations
  6455 | D:8      | Found a staircase to the Lair.
  6458 | D:8      | Got the uncursed scale mail of the Guardian {+Inv MR-
                  | Slay+3}
  6469 | D:8      | Identified the +5 scale mail of the Guardian {+Inv MR-
                  | Slay+3} (You found it on level 8 of the Dungeon)
  6470 | D:8      | Found a white marble altar of Elyvilon.
  6587 | D:8      | Noticed Gastronok
  6599 | D:8      | Noticed a two-headed ogre
  6604 | D:8      | Gained mutation: You have supernaturally acute eyesight.
                  | (SInv) [potion of mutation]
  6604 | D:8      | Gained mutation: Your muscles are strong. (Str +2) [potion
                  | of mutation]
  6604 | D:8      | Gained mutation: Your mind is acute. (Int +2) [potion of
                  | mutation]
  6609 | D:8      | HP: 1/71 [Gastronok/the air (9)]
  6778 | D:7      | Reached XP level 10. HP: 79/79 MP: 21/21
  6808 | D:8      | Reached skill level 5 in Conjurations
  6808 | D:8      | Reached skill level 5 in Hexes
  6808 | D:8      | Reached skill level 5 in Summonings
  6808 | D:8      | Reached skill level 5 in Necromancy
  6808 | D:8      | Reached skill level 5 in Translocations
  6808 | D:8      | Reached skill level 5 in Transmutations
  6808 | D:8      | Reached skill level 5 in Fire Magic
  6808 | D:8      | Reached skill level 5 in Ice Magic
  6808 | D:8      | Reached skill level 5 in Air Magic
  6808 | D:8      | Reached skill level 5 in Earth Magic
  6808 | D:8      | Reached skill level 5 in Poison Magic
  6816 | D:8      | Found a runed gate.
  6816 | D:8      | Found a runed gate.
  6817 | D:8      | Found a runed gate.
  6817 | D:8      | Noticed KONINGBADAAP's ghost (novice MiBe)
  6830 | D:8      | Killed a two-headed ogre
  6830 | D:8      | Reached XP level 11. HP: 85/85 MP: 23/23
  6920 | D:8      | Killed Gastronok
  6980 | D:8      | Identified a scroll of acquirement
  7265 | D:8      | Found an ancient bone altar of Kikubaaqudgha.
  7267 | D:8      | Found a glowing silver altar of Zin.
  7459 | D:8      | Killed KONINGBADAAP's ghost
  7460 | D:8      | Cast into level 1 of the Abyss (big kobold)
  7472 | Abyss:1  | Found a corrupted altar of Lugonu.
  7538 | Abyss:1  | Noticed a tentacled starspawn
  7565 | Abyss:1  | Killed a tentacled starspawn
  7568 | Abyss:1  | Noticed a large abomination
  7579 | Abyss:1  | Killed a large abomination
  7602 | Abyss:1  | Found a corrupted altar of Lugonu.
  7654 | Abyss:1  | Found a corrupted altar of Lugonu.
  7719 | Abyss:1  | Noticed a thrashing horror
  7719 | Abyss:1  | Noticed a thrashing horror
  7741 | D:8      | Escaped the Abyss
  7843 | D:8      | Reached XP level 12. HP: 79/94 MP: 24/24
  7918 | D:9      | Reached *** piety under Ashenzari
  8726 | D:10     | Entered Level 10 of the Dungeon
  8792 | D:10     | Noticed a two-headed ogre
  8813 | D:10     | Killed a two-headed ogre
  9140 | D:10     | Reached **** piety under Ashenzari
  9375 | D:10     | Found a roughly hewn altar of Beogh.
  9375 | D:10     | Found a staircase to the Orcish Mines.
  9883 | Lair:1   | Entered Level 1 of the Lair of Beasts
 10262 | Lair:1   | Found a glowing silver altar of Zin.
 10526 | Lair:2   | Found a staircase to the Snake Pit.
 10532 | Lair:2   | Noticed Nergalle
 10677 | Lair:2   | Killed Nergalle
 10689 | Lair:2   | Reached XP level 13. HP: 96/101 MP: 26/26
 10948 | Lair:2   | Found a large runed door.
 10949 | Lair:2   | Found a large runed door.
 10950 | Lair:2   | Noticed RadicalHijinx's ghost (journeyman MiBe)
 11163 | Lair:2   | Reached ***** piety under Ashenzari
 12126 | Lair:3   | Found a runed gate.
 12126 | Lair:3   | Found a runed gate.
 12127 | Lair:3   | Found a runed gate.
 12127 | Lair:3   | Noticed Lilu's ghost (journeyman DECj)
 12145 | Lair:3   | Killed Lilu's ghost
 12406 | Lair:4   | Found a staircase to the Swamp.
 12831 | Lair:4   | Reached skill level 10 in Spellcasting
 13180 | Lair:5   | Reached XP level 14. HP: 109/109 MP: 28/28
 13244 | Lair:5   | Reached skill level 10 in Fighting
 13244 | Lair:5   | Reached skill level 10 in Axes
 13244 | Lair:5   | Reached skill level 10 in Dodging
 13822 | Lair:5   | Found a runed door.
 13822 | Lair:5   | Found a viscous altar of Jiyva.
 13824 | Lair:5   | Found a staircase to the Slime Pits.
 14091 | Lair:6   | Entered Level 6 of the Lair of Beasts
 14151 | Lair:6   | Reached ****** piety under Ashenzari
 14775 | Lair:6   | Reached skill level 10 in Invocations
 15104 | Lair:6   | Found a large runed door.
 15104 | Lair:6   | Found a large runed door.
 15685 | D:11     | Found Roem's Armour Shoppe.
 15795 | D:11     | Bought a +2 ring mail of poison resistance for 198 gold
                  | pieces
 15795 | D:11     | Identified the cursed ring of Orrezil {Wiz rElec Str+4
                  | Dex-2} (You acquired it on level 11 of the Dungeon)
 15856 | D:11     | Noticed Erica
 15907 | D:11     | Killed Erica
 16564 | Orc:1    | Entered Level 1 of the Orcish Mines
 16709 | Orc:2    | Entered Level 2 of the Orcish Mines
 16709 | Orc:2    | Found Enuar's Gadget Emporium.
 16713 | Orc:2    | Found a staircase to the Elven Halls.
 16795 | Orc:2    | Found Xulit's Food Boutique.
 16833 | Orc:2    | Reached XP level 15. HP: 117/117 MP: 25/29
 16849 | Orc:2    | Reached skill level 10 in Armour
 17201 | Orc:2    | Reached skill level 10 in Charms
 17202 | Orc:2    | Found Jomeetug's Assorted Antiques.
 17221 | Orc:2    | Found Wourgh's Jewellery Emporium.
 17268 | Orc:2    | Found Vut Qejo's Weapon Shop.
 17295 | Orc:2    | Bought the ring "Leroegoyd" {MR+ Str+2 Int+2} for 565 gold
                  | pieces
 17676 | Snake:1  | Entered Level 1 of the Snake Pit
 17940 | Snake:1  | Reached skill level 10 in Short Blades
 17940 | Snake:1  | Reached skill level 10 in Long Blades
 17940 | Snake:1  | Reached skill level 10 in Maces & Flails
 17940 | Snake:1  | Reached skill level 10 in Polearms
 17940 | Snake:1  | Reached skill level 10 in Staves
 17940 | Snake:1  | Reached skill level 10 in Slings
 17940 | Snake:1  | Reached skill level 10 in Bows
 17940 | Snake:1  | Reached skill level 10 in Crossbows
 17940 | Snake:1  | Reached skill level 10 in Throwing
 17940 | Snake:1  | Reached skill level 10 in Stealth
 17940 | Snake:1  | Reached skill level 10 in Shields
 17940 | Snake:1  | Reached skill level 10 in Unarmed Combat
 17940 | Snake:1  | Reached skill level 10 in Evocations
 18022 | Snake:1  | Learned a level 4 spell: Animate Dead
 19700 | Snake:2  | Noticed a nagaraja
 19716 | Snake:2  | Killed a nagaraja
 19723 | Snake:2  | Reached XP level 16. HP: 104/125 MP: 11/31
 19875 | Snake:2  | Noticed a nagaraja
 19882 | Snake:2  | Noticed a nagaraja
 19893 | Snake:2  | Noticed Aizul
 19906 | Snake:2  | Noticed Azrael
 19943 | Snake:2  | HP: 1/125 [hell hound[Azrael] (8)]
 19943 | Snake:2  | Slain by a fire elemental

Skill      XL: |  1  2  3  4  5  6  7  8  9 10 11 12 13 14 15 |
---------------+----------------------------------------------+-----
Spellcasting   | 5 6 7 8 9 10 11 | 11.4
Invocations    | 1 2 3 4 6 7 8 9 10 11 | 11.2
Short Blades   | 1 2 3 6 7 8 9 10 | 10.4
Long Blades    | 1 2 3 6 7 8 9 10 | 10.4
Maces & Flails | 1 2 3 6 7 8 9 10 | 10.4
Polearms       | 1 2 3 6 7 8 9 10 | 10.4
Staves         | 1 2 3 6 7 8 9 10 | 10.4
Slings         | 1 2 3 6 7 8 9 10 | 10.4
Bows           | 1 2 3 6 7 8 9 10 | 10.4
Crossbows      | 1 2 3 6 7 8 9 10 | 10.4
Throwing       | 1 2 3 6 7 8 9 10 | 10.4
Stealth        | 1 2 3 6 7 8 9 10 | 10.4
Shields        | 1 2 3 6 7 8 9 10 | 10.4
Unarmed Combat | 1 2 3 6 7 8 9 10 | 10.4
Evocations     | 1 2 3 6 7 8 9 10 | 10.4
Conjurations   | 1 2 3 4 5 6 7 8 |  8.8
Hexes          | 1 2 3 4 5 6 7 8 |  8.8
Summonings     | 1 2 3 4 5 6 7 8 |  8.8
Necromancy     | 1 2 3 4 5 6 7 8 |  8.8
Translocations | 1 2 3 4 5 6 7 8 |  8.8
Transmutations | 1 2 3 4 5 6 7 8 |  8.8
Fire Magic     | 1 2 3 4 5 6 7 8 |  8.8
Ice Magic      | 1 2 3 4 5 6 7 8 |  8.8
Air Magic      | 1 2 3 4 5 6 7 8 |  8.8
Earth Magic    | 1 2 3 4 5 6 7 8 |  8.8
Poison Magic   | 1 2 3 4 5 6 7 8 |  8.8
Armour         | 3 4 6 7 8 9 10 | 10.7
Fighting       | 5 7 8 9 10 11 | 11.3
Axes           | 5 7 8 9 10 11 | 11.3
Dodging        | 5 7 8 9 10 11 | 11.3
Charms         | 6 7 8 9 10 | 10.3

Action                   |  1- 3 |  4- 6 |  7- 9 | 10-12 | 13-15 | 16-18 || total
-------------------------+-------+-------+-------+-------+-------+-------++-------
Melee: Hand axe          |    63 |   233 |       |       |       |       ||   296
       Bite              |     6 |    27 |    38 |    73 |   305 |    12 ||   461
       Battleaxe         |       |       |    27 |       |       |       ||    27
       Mace              |       |       |   210 |   488 |  1535 |    46 ||  2279
       Punch             |       |       |     5 |    26 |    33 |       ||    64
Throw: Tomahawk          |       |     6 |     2 |    48 |   134 |       ||   190
       Javelin           |       |       |       |     3 |     4 |       ||     7
 Cast: Infusion          |     9 |     1 |     7 |    10 |     8 |       ||    35
       Shroud of Golubri |     1 |    13 |    17 |    21 |    33 |     1 ||    86
       Spectral Weapon   |       |     5 |     9 |     7 |     5 |       ||    26
       Song of Slaying   |       |     2 |     1 |     9 |    29 |     1 ||    42
       Regeneration      |       |     1 |     8 |    10 |    10 |       ||    29
       Animate Dead      |       |       |       |       |     3 |     1 ||     4
Invok: Curse Item        |       |     1 |     1 |     2 |     4 |       ||     8
Evoke: Wand              |       |       |     3 |     4 |       |     3 ||    10
  Use: Potion            |       |       |     3 |    10 |     1 |     3 ||    17
       Scroll            |       |       |     1 |    12 |    10 |     3 ||    26
 Stab: Sleeping          |       |     1 |     6 |     6 |    12 |       ||    25
       Distracted        |       |       |       |     3 |     4 |       ||     7
  Eat: Chunk             |       |    10 |     9 |    15 |    24 |     1 ||    59
       Ration            |       |       |     2 |       |     2 |       ||     4
Armor: Leather armour    |    25 |     4 |       |       |       |       ||    29
       Ring mail         |       |    95 |   130 |       |   168 |    21 ||   414
       Scale mail        |       |       |     7 |   189 |   277 |       ||   473
       Skin              |       |       |       |     7 |       |       ||     7
Dodge: Dodged            |    55 |   181 |   212 |   527 |  1274 |    93 ||  2342
Block: Shield            |       |       |       |       |   806 |    77 ||   883
